 Dungeon Crawl Stone Soup version 0.19-a0-1341-g3513869 (webtiles) character file.

165 Amnesiac the Magician (level 5, 0/28 HPs)
             Began as a Deep Elf Necromancer on Sept 2, 2016.
             Slain by an orc
             ... wielding a +0 flail
              (5 damage)
             ... on level 4 of the Dungeon.
             The game lasted 00:03:02 (1178 turns).

Amnesiac the Magician (Deep Elf Necromancer)        Turns: 1178, Time: 00:03:02

Health: 0/28       AC:  2    Str:  5    XL:     5   Next: 21%
Magic:  1/14       EV: 13    Int: 20    God:
Gold:   38         SH:  8    Dex: 16    Spells: 2 memorised, 10 levels left

rFire  . . .     SeeInvis .     (no weapon)
rCold  . . .     Gourm    .     a - +0 robe
rNeg   . . .     Faith    .     f - +0 buckler
rPois  .         Spirit   .     (no helmet)
rElec  .         Dismiss  .     (no cloak)
rCorr  .         Reflect  +     (no gloves)
MR     .....     Harm     .     (no boots)
Stlth  ++........               i - +3 amulet of reflection
                                (no ring)
                                (no ring)

@: no status effects
A: no striking features
a: no special abilities


You were on level 4 of the Dungeon.
You were not hungry.

You visited 1 branch of the dungeon, and saw 4 of its levels.

You collected 38 gold pieces.

Inventory:

Armour
 a - a +0 robe (worn)
 f - a +0 buckler (worn)
Jewellery
 i - a +3 amulet of reflection (around neck)
Scrolls
 e - a scroll of amnesia {unknown}
 g - a scroll of enchant weapon {unknown}
 l - 2 scrolls of identify {unknown}
 n - 2 scrolls of immolation {unknown}
 o - a scroll of remove curse {unknown}
Potions
 d - a potion of heal wounds {unknown}
 h - a potion of ambrosia {unknown}
 k - 2 potions of flight {unknown}
 m - a potion of lignification {unknown}
Books
 b - a book of Necromancy

   Spells                             Type                      Level
   a - Pain                           Necromancy                   1
   b - Animate Skeleton               Necromancy                   1
   c - Vampiric Draining              Necromancy                   3
   d - Regeneration                   Charms/Necromancy            3
   e - Animate Dead                   Necromancy                   4
   f - Control Undead                 Necromancy                   4
Comestibles
 c - 3 bread rations
 j - 3 meat rations


   Skills:
 - Level 2.8 Dodging
 - Level 2.9 Stealth
 + Level 2.5 Shields
 - Level 5.1 Spellcasting
 - Level 5.0 Necromancy


You had 10 spell levels left.
You knew the following spells:

 Your Spells              Type           Power        Failure   Level  Hunger
f - Vampiric Draining     Necr           ####......   8%          3    ##.....
z - Pain                  Necr           ####         1%          1    None


Dungeon Overview and Level Annotations

Branches:
Dungeon (4/15)
 Temple: D:4-7

Altars:
Ru

Annotations:
D:3 Grinder, Ijyb


Message History

You see here a gnoll corpse.
You butcher the gnoll corpse.
Things that are here:
4 chunks of flesh; a gnoll skeleton Grinder gestures at you.
You resist with significant effort.
There is a stone staircase leading down, spattered with blood here.
Grinder is nearby!
You climb downwards.
The iguana barely misses you. The iguana bites you!
Ouch! That really hurt!
* * * LOW HITPOINT WARNING * * *
There is a stone staircase leading up here.
Unknown command.
You block the orc's attack.
The orc wizard gestures wildly while chanting.
The orc wizard blinks!
The orc hits you with a flail.
* * * LOW HITPOINT WARNING * * *
Found a falchion.
The orc hits you with a flail.
You die...

.... .#o# .... ###.o.
.... #...# .... #..###..
...$##########......
#.oow...ยง....# #.
.###.########..#### ...
.....# #....o...##....
....g#####.....o@.......
....g........w.oo.....?.
##............$.l>......
...#.#..##..............
####.#(.................
.........<..........)
....................>.
......#...........>....
......##......%...##....


You could see a worm, an iguana, an orc wizard and 3 orcs.

Vanquished Creatures
  A hound (D:3)
  2 orc wizards
  2 gnolls
  3 adders (D:2)
  A dart slug (D:3)
  4 orcs
  3 bats
  3 giant cockroaches
  2 goblins
  3 hobgoblins (D:2)
  3 ball pythons
  2 giant newts (D:2)
  2 rats (D:2)
31 creatures vanquished.

Notes
Turn   | Place    | Note
-------+----------+-------------------------------------------
     0 | D:1      | Amnesiac the Deep Elf Necromancer began the quest for the Orb.
     0 | D:1      | Reached XP level 1. HP: 10/10 MP: 6/6
   106 | D:2      | Reached skill level 5 in Necromancy
   106 | D:2      | Reached XP level 2. HP: 9/15 MP: 1/8
   483 | D:2      | Found a sacrificial altar of Ru.
   492 | D:2      | Reached XP level 3. HP: 15/19 MP: 4/11
   575 | D:2      | Learned a level 3 spell: Vampiric Draining
   628 | D:2      | Reached skill level 5 in Spellcasting
   632 | D:2      | Reached XP level 4. HP: 13/24 MP: 7/13
   890 | D:3      | Reached skill level 1 in Shields
   968 | D:3      | Reached XP level 5. HP: 22/28 MP: 4/14
  1112 | D:3      | Noticed Ijyb
  1117 | D:3      | Noticed Grinder
  1178 | D:4      | Slain by an orc

Vault maps used:
D:1:      evilmike_arrival_plus
D:2:      nicolae_ru_great_annihilating_truth, grunt_dithmenos_smoke,
          minmay_pentomino_v4
D:3:      marbit_many_paths, nicolae_overflow_hidden_temple, first_bread,
          kennysheep_orc_chapel, uniq_natasha, uniq_iyjb, uniq_grinder
D:4:      lightli_temple_of_fire, kb_xom_exploding_sheep, serial_shops,
          nicolae_shop_trees

Skill      XL: |  1  2  3  4 |
---------------+-------------+-----
Necromancy     | 5 |  5.0
Spellcasting   | 4 5 |  5.1
Shields        | 2 |  2.5
Dodging        | |  2.8
Stealth        | |  2.9

Action                   |  1- 3 |  4- 6 || total
-------------------------+-------+-------++-------
 Cast: Pain              |    30 |    27 ||    57
       Vampiric Draining |       |     7 ||     7
  Eat: Chunk             |       |     1 ||     1
Armor: Robe              |     1 |     2 ||     3
Dodge: Dodged            |    12 |     8 ||    20
Block: Buckler           |       |     7 ||     7
